 Dungeon Crawl Stone Soup version 0.29-a0-994-gc5c9f59d18 (webtiles) character file.

Game seed: 2378760655646901578

50 IdlyInterested the Trooper (level 3, 0/29 HPs)
             Began as a Demonspawn Fighter on Aug 3, 2022.
             Slain by a goblin
             ... wielding a +0 club
              (2 damage)
             ... on level 2 of the Dungeon.
             The game lasted 00:02:53 (1573 turns).

IdlyInterested the Trooper (Demonspawn Fighter)     Turns: 1573, Time: 00:02:54

Health: 0/29       AC:  6    Str: 16    XL:     3   Next: 55%
Magic:  3/3        EV:  8    Int:  9    God:
Gold:   63         SH:  4    Dex: 14    Spells: 2/2 levels left

rFire   . . .      SeeInvis .   a - +0 rapier
rCold   . . .      Faith    .   c - +0 buckler
rNeg    . . .      Spirit   .   b - +0 scale mail
rPois   .          Reflect  .   (no helmet)
rElec   .          Harm     .   (no cloak)
rCorr   .          Rampage  .   (no gloves)
Will    .....                   (no boots)
Stlth   +.........              (no amulet)
HPRegen 0.09/turn               (no ring)
MPRegen 0.08/turn               (no ring)

@: mighty
A: powered by death 1
a: no special abilities


You were on level 2 of the Dungeon.
You visited 1 branch of the dungeon, and saw 2 of its levels.

You collected 63 gold pieces.

Inventory:

Hand Weapons
 a - a +0 rapier (weapon)
 l - a +0 dagger
Armour
 b - a +0 scale mail (worn)
 c - a +0 buckler (worn)
 f - a +0 leather armour
Scrolls
 e - a scroll of magic mapping {unknown}
 i - a scroll of identify {unknown}
 k - a scroll of noise {unknown}
Potions
 g - a potion of mutation {unknown}
 h - a potion of invisibility {unknown}
 j - 2 potions of curing {unknown}


   Skills:
 - Level 3.0 Fighting
 + Level 2.4 Short Blades
 - Level 2.6 Armour
 * Level 2.6 Stealth
 - Level 2.6 Shields


You had 2 spell levels left.
You didn't know any spells.
Your spell library contained the following spells:

 Spells                   Type           Power      Damage    Failure   Level
 Magic Dart               Conj           0%         1d3       89%         1
 Searing Ray              Conj           0%         2d4       96%         2
 Fulminant Prism          Conj/Hex       0%         3d6       100%        4


Dungeon Overview and Level Annotations

Branches:
Dungeon (2/15)

Altars:


Innate Abilities, Weirdness & Mutations

You regenerate a little health from kills.


Message History

The gnoll barely misses you.
You feel very mighty all of a sudden.
The gnoll hits you but does no damage. x2; The gnoll barely misses you.
The goblin closely misses you.
You barely miss the gnoll.
The gnoll is heavily wounded.
The gnoll hits you from afar with a +0 spear.
The goblin hits you but does no damage. The gnoll barely misses you.
The gnoll hits you with a +0 whip.
You puncture the gnoll!
You kill the gnoll!
The gnoll closely misses you.
A goblin comes into view. It is wielding a +0 club.
The goblin hits you but does no damage.
The gnoll hits you from afar with a +0 spear.
A goblin comes into view. It is wielding a +0 club.
The goblin shouts! x2
The gnoll barely misses you. x2; The goblin hits you but does no damage.
You see here a +0 whip.
You puncture the gnoll!
The gnoll is almost dead.
The gnoll hits you but does no damage. The gnoll hits you with a +0 spear.
The gnoll closely misses you.
You hit the gnoll.
You kill the gnoll!
You block the gnoll's attack. The gnoll hits you with a +0 spear.
The goblin closely misses you. The goblin hits you with a +0 club.
The goblin hits you but does no damage. x2; The gnoll barely misses you.
A kobold comes into view. It is wielding a +0 dagger.
The gnoll hits you with a +0 spear.
You completely miss the gnoll. The gnoll barely misses you.
A rat comes into view.
The kobold throws a stone.
You block the stone. You block the gnoll's attack.
You block the goblin's attack. The goblin hits you with a +0 club.
* * * LOW HITPOINT WARNING * * *
Unknown command.
You closely miss the gnoll. The gnoll hits you with a +0 club.
* * * LOW HITPOINT WARNING * * *
The goblin hits you with a +0 club.
You die...

K.r# . #.
...#.# ###.
...#.# .$..
..... #..
...#
#..##...####
#...)g......
#...@gg.####
#.##gg.....#
#.#..####
......#
.#.#..##
..###... ..
##. ### .#


You could see 2 gnolls, 3 goblins, a kobold and a rat.

Vanquished Creatures
  2 gnolls (D:2)
  2 ball pythons (D:1)
  2 endoplasms (D:1)
  A giant cockroach (D:1)
  2 goblins (D:1)
  A hobgoblin (D:1)
  4 jackals (D:1)
  4 quokkas (D:1)
  A bat (D:1)
  3 frilled lizards (D:1)
  3 kobolds (D:1)
  3 rats (D:1)
28 creatures vanquished.

Notes
Turn   | Place    | Note
-------+----------+-------------------------------------------
     0 | D:1      | IdlyInterested the Demonspawn Fighter began the quest for
                  | the Orb.
     0 | D:1      | Reached XP level 1. HP: 18/18 MP: 1/1
   349 | D:1      | Reached skill level 1 in Stealth
   414 | D:1      | Gained mutation: You regenerate a little health from kills.
                  | [demonic ancestry]
   414 | D:1      | Reached XP level 2. HP: 8/24 MP: 2/2
   667 | D:1      | Found a faded altar of an unknown god.
  1298 | D:1      | Reached XP level 3. HP: 29/29 MP: 3/3
  1573 | D:2      | Slain by a goblin

Illustrated notes

Levels and vault maps discovered:
D:1:      eino_arrival_cavern_b, layout_basic,
          hellmonk_ecumenical_altar_inner_sanctum
D:2:      layout_basic, basic_altar

Skill      XL: |  1  2 |
---------------+-------+-----
Short Blades   | 2 |  2.4
Stealth        | 1 2 |  2.6
Fighting       | |  3.0
Armour         | |  2.6
Shields        | |  2.6

Action                   || total
-------------------------++-------
Melee: Rapier            ||   110
  Use: Potion            ||     1
Armor: Leather armour    ||    12
       Scale mail        ||    49
Dodge: Dodged            ||    59
Block: Buckler           ||    26

Table legend: (Time is in decaauts)
 A = Elapsed time spent in this place.
 B = Non-inter-level travel time spent in this place.
 C = Inter-level travel time spent in this place.
 D = Time resting spent in this place.
 E = Time spent auto-exploring this place.
 F = Levels seen in this place.
 G = Mean time per level.
                   A        B        C        D        E       F      G
               +--------+--------+--------+--------+--------+-----+--------+
         Total |   1588 |   1571 |     17 |    516 |    785 |   2 |  794.0 |
       Dungeon |   1588 |   1571 |     17 |    516 |    785 |   2 |  794.0 |
               +--------+--------+--------+--------+--------+-----+--------+

Top non-repeatable levels by time:
     D:1: 1577 daAuts
     D:2: 11 daAuts
